Map: Ever Dream LE

Players

Rex

  • Race: Zerg Zerg
  • League: Master
  • Spawn Location: 7:00

Has - Winner!

  • Race: Protoss Protoss
  • Spawn Location: 1:00

Event: DreamHack SC2 Masters 2020 Summer TwHkMoJp

VOD

Have the link to the VOD?

Description

Time

  • Played on: June 25, 2020, 7:24 a.m.
  • Length: 9:30

All games in this series

Show
View Real Time Build Order
Export as new Build Order

Rex Zerg 

Build Orders: Hatch First 

Get SALT Encoding   

  12  0:00  Drone  
  13  0:12  Overlord  
  13  0:18  Drone  
  14  0:30  Drone x2  
  16  0:48  Hatchery  
  15  0:51  Drone  
  15  0:55  Drone  
  17  0:59  Drone  
  18  1:08  Extractor  
  17  1:13  Spawning Pool  
  17  1:17  Drone  
  17  1:20  Drone  
  18  1:28  Drone  
  19  1:39  Drone  
  20  1:53  Drone  
  21  1:56  Hatchery  
  20  2:01  Queen  
  20  2:04  Drone  
  23  2:10  Queen  
  23  2:14  Drone  
  26  2:19  Overlord  
  26  2:28  Zergling x4  
  28  2:33  Metabolic Boost  
  28  2:39  Drone x2  
  28  2:40  Drone  
  28  2:44  Drone x2  
  33  2:50  Queen  
  35  3:00  Overlord  
  35  3:01  Drone  
  36  3:14  Queen  
  36  3:15  Drone x4  
  42  3:24  Drone x5  
  45  3:32  Drone x2  
  47  3:34  Overlord  
  47  3:39  Drone, Extractor  
  47  3:40  Roach Warren  
  46  3:44  Drone  
  46  3:45  Drone  
  46  3:48  Overlord  
  48  3:51  Overlord  
  48  3:57  Spore Crawler  
  48  3:59  Spore Crawler  
  48  4:01  Zergling x8  
  48  4:02  Zergling x2  
  51  4:07  Drone  
  52  4:12  Zergling x8  
  56  4:21  Drone, Overlord x2  
  57  4:26  Roach x3  
  57  4:31  Roach x2  
  66  4:36  Overlord  
  66  4:40  Lair  
  66  4:46  Overlord  
  66  4:48  Roach x3  
  72  4:53  Overlord  
  72  4:57  Drone x3  
  72  4:58  Drone  
  75  5:04  Drone  
  76  5:07  Extractor  
  76  5:09  Overlord  
  76  5:12  Overlord  
  73  5:14  Zergling x8  
  73  5:20  Zergling x8  
  81  5:27  Zergling x2  
  81  5:28  Zergling x2  
  82  5:32  Zergling x4  
  82  5:34  Ravager x4  
  87  5:39  Overlord  
  87  5:40  Zergling x10  
  91  5:46  Zergling x4  
  91  5:47  Ravager  
  91  5:49  Zergling x8  
  98  5:50  Zergling x2  
  98  5:53  Ravager  
  98  6:05  Drone x4  
  98  6:07  Glial Reconstitution  
  91  6:20  Drone x8  
  91  6:21  Drone x3  
  101  6:31  Overseer  
  101  6:33  Roach x4  
  101  6:35  Extractor  
  101  6:37  Extractor  
  101  6:38  Evolution Chamber  
  101  6:39  Roach x4  
  114  6:46  Roach  
  120  6:47  Roach x2  
  120  6:50  Overseer  
  120  6:59  Overlord  
  120  7:00  Overlord x2  
  118  7:10  Roach x4  
  118  7:11  Overlord x3  
  118  7:14  Zerg Missile Weapons Level 1  
  121  7:19  Roach x4  
  128  7:23  Roach x2  
  132  7:31  Roach x3, Zergling x4  
  132  7:33  Ravager  
  132  7:35  Zergling x4  
  143  7:39  Zergling x8  
  143  7:42  Ravager  
  144  7:46  Roach x3  
  148  7:51  Roach, Zergling x4  
  148  7:55  Ravager  
  147  8:02  Zergling x12  
  135  8:08  Roach x2, Zergling x4  
  135  8:09  Ravager x2  
  135  8:10  Ravager  
  144  8:13  Zergling x6  
  144  8:18  Zergling x2  
  144  8:19  Zergling x2  
  146  8:24  Ravager  
  145  8:28  Zergling x2  
  145  8:29  Zergling x4  
  148  8:36  Zergling x14  
  148  8:39  Zergling x6  
  158  8:43  Zergling x4  
  137  8:49  Zergling x2  
  137  8:55  Roach x2  
  115  8:58  Roach x3  
  115  9:01  Roach  
  121  9:03  Roach  
  121  9:04  Roach x2  
  121  9:06  Roach x4  
  123  9:10  Roach  
Show
View Real Time Build Order
Export as new Build Order

Has Protoss - Winner!

Build Orders: 1 Gate Expand 

Get SALT Encoding   

  12  0:00  Probe  
  13  0:12  Probe  
  14  0:18  Pylon  
  14  0:24  Probe  
  15  0:32  Probe  
  15  0:37  Gateway  
  15  0:40  Probe  
  16  0:47  Assimilator  
  17  0:51  Probe  
  18  1:03  Probe  
  19  1:15  Probe  
  20  1:23  Nexus  
  20  1:32  Cybernetics Core  
  20  1:34  Probe  
  21  1:40  Assimilator  
  21  1:47  Probe  
  22  1:51  Pylon  
  22  1:59  Probe  
  22  2:00  Stalker  
  23  2:11  Probe  
  23  2:15  Robotics Facility  
  26  2:23  Warp Gate, Probe  
  27  2:32  Stalker  
  27  2:35  Probe x2  
  31  2:47  Probe x2  
  33  2:56  Observer  
  33  2:59  Probe  
  33  3:00  Probe  
  33  3:02  Gateway  
  33  3:03  Stalker  
  38  3:10  Pylon  
  38  3:11  Probe  
  38  3:12  Probe  
  40  3:19  Warp Prism  
  40  3:23  Probe  
  40  3:24  Probe  
  46  3:35  Probe  
  46  3:36  Sentry, Probe  
  46  3:38  Pylon  
  48  3:45  Probe  
  48  3:47  Pylon  
  48  3:48  Probe  
  49  3:53  Probe  
  49  3:54  Assimilator x2  
  50  4:00  Immortal, Probe  
  50  4:02  Observer, Pylon  
  53  4:12  Probe  
  53  4:13  Probe  
  53  4:14  Stalker  
  60  4:20  Sentry  
  63  4:24  Probe  
  63  4:25  Probe  
  64  4:31  Robotics Bay  
  64  4:32  Gateway  
  64  4:34  Immortal  
  64  4:42  Gateway  
  68  4:59  Stalker  
  70  5:00  Sentry  
  70  5:03  Pylon  
  70  5:05  Pylon  
  72  5:08  Disruptor  
  72  5:10  Gateway x2  
  75  5:28  Probe  
  74  5:31  Sentry, Stalker  
  78  5:36  Observer  
  78  5:37  Zealot x2  
  78  5:41  Shield Battery  
  82  5:48  Disruptor  
  85  5:55  Robotics Facility  
  85  6:04  Pylon  
  85  6:18  Disruptor, Probe  
  86  6:21  Pylon  
  86  6:22  Probe  
  86  6:23  Pylon  
  87  6:26  Cybernetics Core  
  87  6:28  Pylon  
  87  6:29  Pylon  
  90  6:36  Disruptor  
  93  6:54  Disruptor, Zealot x5  
  93  6:59  Pylon  
  106  7:02  Gateway  
  106  7:15  Zealot  
  108  7:20  Stalker x5  
  108  7:22  Disruptor  
  118  7:23  Pylon  
  118  7:25  Pylon  
  118  7:27  Disruptor  
  124  7:37  Pylon  
  124  7:43  Stalker x6  
  124  8:06  Stalker x4  
  124  8:07  Stalker  
  124  8:09  Zealot  
  134  8:20  Zealot  
  134  8:26  Pylon  
  136  8:30  Sentry x2  
  136  8:31  Zealot x4  
  146  8:51  Stalker x3  
  146  8:52  Stalker  
  148  8:55  Stalker  
  148  9:16  Stalker  
  148  9:17  Stalker x4  
Tags
 
Add a new tag
Caveats
  • Supply blocks, unpowered buildings, or Contaminate may cause inaccurate times.
  • Supply counts are checked every 10 seconds.